 Dungeon Crawl Stone Soup version 0.28.0 (webtiles) character file.

Game seed: 9870032479185493628

12 mopl the Skirmisher (level 2, 0/21 HPs)
             Began as a Merfolk Fighter on Feb 16, 2022.
             Slain by an adder (2 damage)
             ... on level 2 of the Dungeon.
             The game lasted 00:00:47 (609 turns).

mopl the Skirmisher (Merfolk Fighter)                Turns: 609, Time: 00:00:47

Health: 0/21       AC:  6    Str: 16    XL:     2   Next: 33%
Magic:  0/2        EV:  9    Int:  7    God:
Gold:   74         SH:  4    Dex: 13    Spells: 1/1 levels left

rFire   . . .      SeeInvis .   a - +0 long sword
rCold   . . .      Faith    .   c - +0 buckler
rNeg    . . .      Spirit   +   b - +0 scale mail
rPois   .          Reflect  .   (no helmet)
rElec   .          Harm     .   (no cloak)
rCorr   .          Rampage  .   (no gloves)
Will    .....                   (no boots)
Stlth   ..........              f - amulet of guardian spirit
HPRegen 0.07/turn               (no ring)
MPRegen 0.08/turn               (no ring)

@: no status effects
A: reduced essence, (nimble swimmer 2), mertail
a: no special abilities


You were on level 2 of the Dungeon.
You visited 1 branch of the dungeon, and saw 2 of its levels.

You collected 74 gold pieces.

Inventory:

Hand Weapons
 a - a +0 long sword (weapon)
Armour
 b - a +0 scale mail (worn)
 c - a +0 buckler (worn)
Jewellery
 f - an amulet of guardian spirit (around neck)
Scrolls
 e - a scroll of summoning {unknown}
 g - a scroll of amnesia {unknown}
 h - 3 scrolls of identify {unknown}
 j - a scroll of magic mapping {unknown}
 k - a scroll of fog {unknown}
Potions
 d - a potion of might
 i - a potion of brilliance {unknown}


   Skills:
 + Level 3.4 Fighting
 * Level 2.6 Long Blades
 + Level 2.3 Armour
 + Level 1.0 Dodging
 - Level 3.0 Shields


You had one spell level left.
You didn't know any spells.
Your spell library was empty.

Dungeon Overview and Level Annotations

Branches:
Dungeon (2/15)

Altars:
Hepliaklqana


Innate Abilities, Weirdness & Mutations

Your life essence is reduced to manifest your ancestor. (-10% HP)
((You are very nimble when in or above water. (Stealth+, EV+, Speed+++)))
Your lower body shifts to a powerful aquatic tail in water.


Message History

No target in view!
No target in view!
k - a scroll labelled FUMUWI BITHIURGH
Found a chain mail.
You see here a +0 mace.
You see here a +0 mace.
You see here a +0 chain mail.
A rat and an adder come into view.
Found a potion of might.
The adder hisses angrily.
You closely miss the adder. The adder bites you.
You miss the adder. You block the adder's attack. The adder bites you.
You are poisoned.
The adder poisons you!
You closely miss the adder.
You feel sick. You block the adder's attack.
The adder bites you but does no damage.
You closely miss the adder.
You feel sick. The adder bites you but does no damage.
You are too injured to fight recklessly!
You are too injured to fight recklessly!
You are too injured to fight recklessly!
You are too injured to fight recklessly!
You are too injured to fight recklessly!
You are too injured to fight recklessly!
You are too injured to fight recklessly!
You miss the adder.
You feel sick. The adder bites you. x2
* * * LOW HITPOINT WARNING * * *
You hit the adder.
The adder is moderately wounded.
You feel sick.
You are no longer poisoned.
The adder misses you. The adder bites you.
* * * LOW HITPOINT WARNING * * *
You closely miss the adder.
The adder is moderately wounded.
You block the adder's attack. x2
You slash the adder!
The adder is almost dead.
The adder bites you.
You die...

#.#
.######.##
.........##
.######...#
#.#.# #...#
. ##.##
....####.#
.....rS@.#
.!..####.#
. #.# #.#
#.# ..# ###


You could see an adder and a rat.

Vanquished Creatures
  A ball python (D:1)
  An endoplasm (D:1)
  A giant cockroach (D:1)
  2 goblins (D:1)
  A hobgoblin (D:1)
  A quokka (D:2)
  A bat (D:1)
  5 frilled lizards (D:1)
13 creatures vanquished.

Notes
Turn   | Place    | Note
-------+----------+-------------------------------------------
     0 | D:1      | mopl the Merfolk Fighter began the quest for the Orb.
     0 | D:1      | Reached XP level 1. HP: 18/18 MP: 1/1
   165 | D:1      | Reached XP level 2. HP: 24/24 MP: 2/2
   433 | D:1      | Found a faded altar of an unknown god.
   446 | D:1      | Reached skill level 1 in Dodging
   449 | D:1      | Prayed at the altar of an unknown god.
   449 | D:1      | Became a worshipper of Hepliaklqana the Forgotten
   449 | D:1      | Reached * piety under Hepliaklqana
   450 | D:1      | Fell from the grace of Hepliaklqana
   609 | D:2      | Slain by an adder

Illustrated notes

Levels and vault maps discovered:
D:1:      dpeg_arrival_arbitrary_b, layout_loops_ring,
          chequers_ecumenical_altar_island, minmay_misc_feat_pillars
D:2:      layout_loops_ring, corexii_item_surrounded_by_moat,
          hangedman_glass_teeth

Skill      XL: |  1  2 |
---------------+-------+-----
Dodging        | 1 |  1.0
Fighting       | |  3.4
Long Blades    | |  2.6
Armour         | |  2.3
Shields        | |  3.0

Action                   || total
-------------------------++-------
Melee: Long sword        ||    25
Invok: Renounce Religion ||     1
Armor: Scale mail        ||     5
Dodge: Dodged            ||     8
Block: Buckler           ||     8
